 Dungeon Crawl Stone Soup version 0.20.1-1-g8b1a95d (webtiles) character file.

371 Internecine the Cutter (level 6, -8/51 HPs)
             Began as a Draconian Warper on Oct 1, 2017.
             Mangled by an orc warrior
             ... wielding a +0 trident
              (12 damage)
             ... on level 3 of the Dungeon.
             The game lasted 00:30:34 (2405 turns).

Internecine the Cutter (Draconian Warper)           Turns: 2405, Time: 00:31:04

Health: -8/51      AC:  6    Str: 13    XL:     6   Next: 42%
Magic:  7/9        EV: 13    Int: 13    God:
Gold:   96         SH:  0    Dex: 13    Spells: 6/10 levels left

rFire    . . .     SeeInvis .   d - +3 scythe (protect)
rCold    . . .     Gourm    .   (shield currently unavailable)
rNeg     . . .     Faith    .   (armour unavailable)
rPois    .         Spirit   .   (helmet restricted)
rElec    .         Reflect  .   (no cloak)
rCorr    .         Harm     .   (no gloves)
MR       .....     Rnd*Tele +   (no boots)
Stlth    ++........             (no amulet)
Regen    0.2/turn               m - ring of teleportation (curse)
MPRegen  0.2/turn               (no ring)

@: drained
A: unfitting armour, cold-blooded, AC +6
a: no special abilities


You were on level 3 of the Dungeon.
You were not hungry.

You visited 1 branch of the dungeon, and saw 3 of its levels.

You collected 96 gold pieces.

Inventory:

Hand Weapons
 a - a +0 short sword
 d - a +3 scythe of protection (weapon)
 i - a +0 hunting sling
 j - a +2 short sword of venom
 k - a +0 hand axe
 p - a +0 hunting sling
Missiles
 e - 98 stones (quivered)
 o - 14 poisoned needles
Jewellery
 m - a cursed ring of teleportation (left hand)
Scrolls
 c - a scroll of blinking
 g - a scroll of magic mapping
 l - 2 scrolls of identify
Potions
 n - a potion of magic {unknown}
Books
 b - a book of Spatial Translocations

   Spells                             Type                      Level
   a - Blink                          Translocation                2
   b - Shroud of Golubria             Charms/Translocation         2
   c - Lesser Beckoning               Translocation                3
   d - Gell's Gravitas                Translocation                3
   e - Teleport Other                 Translocation                3
   f - Passage of Golubria            Translocation                4
Comestibles
 f - 2 bread rations


   Skills:
 + Level 3.6(3.4) Fighting
 + Level 4.4(4.2) Short Blades
 + Level 1.2(1.0) Polearms
 + Level 0.3(1.0) Slings
 + Level 1.7(1.6) Throwing
 + Level 2.7(2.5) Dodging
 + Level 1.9(1.7) Stealth
 + Level 2.6(2.4) Spellcasting
 + Level 3.1(2.9) Translocations


You had 6 spell levels left.
You knew the following spells:

 Your Spells              Type           Power        Failure   Level  Hunger
a - Blink                 Tloc           N/A          11%         2    ###....
b - Shroud of Golubria    Chrm/Tloc      #.........   21%         2    ###....


Dungeon Overview and Level Annotations

Branches:
Dungeon (3/15)

Altars:
The Shining One


Innate Abilities, Weirdness & Mutations

Your plain brown scales are hard. (AC +6)
You cannot fit into any form of body armour.
You are cold-blooded and may be slowed by cold attacks.


Message History

Press: ? - help, Shift-Dir - straight line, f - goblin
Aim: a goblin, wielding a hunting sling (unusually agile)
You throw a stone. The stone closely misses the goblin.
The orc priest shouts!
The goblin shoots a stone.
The stone hits you.
The orc warrior hits you from afar with a trident!
* * * LOW HITPOINT WARNING * * *
The goblin shoots a stone.
The stone misses you.
Items here: )))) ††††
Okay, then.
Wield which item (- for none, * to show all)? (? for menu, Esc to quit)
Okay, then.
Cast which spell? (? or * to list)
You blink.
An adder and an orc wizard come into view.
The goblin unwields an uncursed hunting sling.
The goblin wields an uncursed club.
The goblin hits you but does no damage.
The adder moves out of view.
The orc warrior hits you from afar with a trident!
You die...

#.# #.# ###.#
..#.# #.#§# . #
#.#(# ..
+.#.#o###o#
...#...#.g...#..
........@(.S....
...#...####.o#..
#....


oS... #.... .... ...gS. ... .##'##. ##. gg .. gg ## You could see an orc
warrior, an orc priest, an orc wizard, an adder and a goblin.

Vanquished Creatures
  Sigmund (D:2)
  Natasha (twice) (D:2)
  Robin (D:3)
  5 adders (D:2)
  3 oozes
  2 worms
  6 dart slugs
  2 leopard geckos (D:2)
  2 ball pythons (D:1)
  9 giant cockroaches
  7 hobgoblins
  2 jackals (D:1)
  2 quokkas
  10 bats
  3 frilled lizards
  12 goblins
  12 kobolds
  12 rats
93 creatures vanquished.

Notes
Turn   | Place    | Note
-------+----------+-------------------------------------------
     0 | D:1      | Internecine the Draconian Warper began the quest for the Orb.
     0 | D:1      | Reached XP level 1. HP: 17/17 MP: 3/3
     1 | D:1      | Found a runed door.
   159 | D:1      | Reached XP level 2. HP: 25/25 MP: 5/5
   163 | D:1      | Learned a level 2 spell: Blink
   166 | D:1      | Learned a level 2 spell: Shroud of Golubria
   368 | D:1      | Reached skill level 1 in Throwing
   598 | D:1      | Reached XP level 3. HP: 16/30 MP: 6/6
   777 | D:1      | Found a glowing golden altar of the Shining One.
  1135 | D:2      | Reached XP level 4. HP: 37/37 MP: 7/7
  1214 | D:2      | Reached skill level 3 in Short Blades
  1214 | D:2      | Reached skill level 1 in Stealth
  1580 | D:2      | Noticed Sigmund
  1595 | D:2      | Killed Sigmund
  1595 | D:2      | Reached skill level 4 in Short Blades
  1595 | D:2      | Reached XP level 5. HP: 11/45 MP: 8/8
  1901 | D:2      | Reached XP level 6. HP: 51/51 MP: 9/9
  2006 | D:2      | Noticed Natasha
  2018 | D:2      | Killed Natasha
  2301 | D:2      | Noticed Natasha
  2314 | D:2      | Killed Natasha
  2314 | D:2      | Reached skill level 1 in Polearms
  2377 | D:3      | Noticed Robin
  2398 | D:3      | Killed Robin
  2401 | D:3      | Noticed an orc warrior
  2405 | D:3      | Mangled by an orc warrior

Skill      XL: |  1  2  3  4  5  6 |
---------------+-------------------+-----
Throwing       | 1 |  1.7
Short Blades   | 4 |  4.4
Stealth        | 1 |  1.9
Fighting       | 3 |  3.6
Polearms       | 1 |  1.2
Slings         | |  0.3
Dodging        | |  2.7
Spellcasting   | |  2.6
Translocations | |  3.1

Action                   |  1- 3 |  4- 6 || total
-------------------------+-------+-------++-------
Melee: Short sword       |   107 |    38 ||   145
       Tailslap          |    11 |    10 ||    21
       Scythe            |       |    70 ||    70
 Fire: Hunting sling     |       |     7 ||     7
Throw: Tomahawk          |     5 |       ||     5
       Stone             |    10 |    28 ||    38
 Cast: Blink             |       |     1 ||     1
  Use: Potion            |     2 |       ||     2
       Scroll            |       |     3 ||     3
 Stab: Sleeping          |       |     2 ||     2
  Eat: Chunk             |       |     5 ||     5
Armor: Skin              |    22 |    54 ||    76
Dodge: Dodged            |    69 |    74 ||   143
